 Dungeon Crawl Stone Soup version 0.29.1-1-gd02db6906a (webtiles) character file.

Game seed: 588130516083664607

5 sleeves the Sneak (level 1, 0/13 HPs)
             Began as a Deep Elf Delver on Sept 23, 2022.
             Slain by an ufetubus (1 damage)
             ... on level 4 of the Dungeon.
             The game lasted 00:04:24 (735 turns).

sleeves the Sneak (Deep Elf Delver)                  Turns: 735, Time: 00:04:25

Health: 0/13       AC:  3    Str:  9    XL:     1   Next: 66%
Magic:  3/3        EV: 12    Int: 14    God:
Gold:   26         SH:  0    Dex: 16    Spells: 0/0 levels left

rFire   . . .      SeeInvis .   a - +0 short sword
rCold   . . .      Faith    .   (no shield)
rNeg    . . .      Spirit   .   b - +0 leather armour
rPois   .          Reflect  .   (no helmet)
rElec   .          Harm     .   (no cloak)
rCorr   .          Rampage  .   (no gloves)
Will    .....                   (no boots)
Stlth   +++.......              (no amulet)
HPRegen 0.04/turn               (no ring)
MPRegen 0.08/turn               (no ring)

@: hasted, very quick
A: no striking features
a: no special abilities


You were on level 4 of the Dungeon.
You visited 1 branch of the dungeon, and saw 3 of its levels.

You collected 26 gold pieces.

Inventory:

Hand Weapons
 a - a +0 short sword (weapon)
Armour
 b - a +0 leather armour (worn)
Wands
 g - a wand of digging (3)
Scrolls
 c - a scroll of fog
 d - a scroll of magic mapping
 i - a scroll of enchant weapon {unknown}
 j - a scroll of identify {unknown}
Potions
 h - a potion of lignification {unknown}
 k - a potion of flight {unknown}


   Skills:
 - Level 2.4 Fighting
 - Level 2.0 Short Blades
 - Level 2.4 Dodging
 + Level 6.4 Stealth


You couldn't memorise any spells.
You didn't know any spells.
Your spell library contained the following spells:

 Spells                   Type           Power      Damage    Failure   Level
 Call Canine Familiar     Summ           0%         N/A       77%         3
 Portal Projectile        Hex/Tloc       0%         N/A       77%         3
 Leda's Liquefaction      Hex/Erth       0%         N/A       99%         4


Dungeon Overview and Level Annotations

Branches:
Dungeon (5/15)
 Temple: D:4-7

Altars:
Elyvilon

Annotations:
D:5 exclusion: orc priest, Duvessa


Message History

Welcome, sleeves the Deep Elf Delver.
Below lies the Orb of Zot, rumoured to be powerful enough to resurrect a god...
Press ? for a list of commands and other information.
Found a stone staircase leading down.
There is a stone staircase leading down here.
There is a stone staircase leading down here.
You open the door.
There is an open door here.
There is an open door here.
There is a stone staircase leading down here.
You open the door.
There is an open door here.
You open the door.
Found a metallic green potion.
There is an open door here.
h - a metallic green potion You don't know any spells.
You open the door.
Found a chain mail and 11 gold pieces.
An iguana comes into view.
There is an open door here.
You close the door.
You open the door.
There is an open door here.
There is a stone staircase leading down here.
There is an open door here.
You open the door.
There is an open door here.
Found a scroll labelled USEPTIADOI.
i - a scroll labelled USEPTIADOI
Found 10 gold pieces.
You now have 10 gold pieces.
You open the door.
Found a stone staircase leading down.
There is an open door here.
There is a stone staircase leading down here.
Found a scroll labelled HOUFECVIMO.
j - a scroll labelled HOUFECVIMO
Found a leather armour.
You see here a +0 leather armour.
A quokka comes into view.
The quokka misses you.
A quokka is nearby!
The quokka closely misses you. The quokka attacks as you move away!
The quokka completely misses you. The quokka closely misses you.
You see here a +0 leather armour.
The quokka attacks as you move away! The quokka barely misses you.
The quokka attacks as you move away! The quokka closely misses you.
You hit the quokka but do no damage. The quokka bites you.
You hit the quokka.
The quokka is moderately wounded.
The quokka bites you. x2
* * * LOW HITPOINT WARNING * * *
You hit the quokka.
You kill the quokka!
You start resting.
HP restored.
Found a book of the Hunter and a glowing ruby potion.
You pick up a book of the Hunter and begin reading...
You add the spells Call Canine Familiar, Portal Projectile and Leda's Liquefaction to your library.
k - a glowing ruby potion
Found a rapier.
You open the door.
There is an open door here.
Found a broad axe.
Duvessa, Sister of Dowan comes into view.
She is wielding a +0 short sword.
There is an open door here.
There is an open door here.
You open the door.
There is an open door here.
You open the door.
There is an open door here.
An orc priest comes into view. It is wielding a +0 club.
There is an open door here.
Found 8 gold pieces.
Found a stone staircase leading up.
You now have 18 gold pieces (gained 8).
There is a stone staircase leading up here.
You climb upwards.
You hear the hiss of flowing sand.
There is an entrance to an ossuary on this level.
Hurry and find it before the portal is buried!
There is a stone staircase leading down here.
A kobold comes into view. It is wielding a +0 dagger.
Found a runed quarterstaff and a flail.
There is a stone staircase leading down here.
You hit the kobold.
The kobold is severely wounded.
The kobold hits you but does no damage.
You hit the kobold.
You kill the kobold!
Found 3 gold pieces.
Found an escape hatch in the ceiling.
You now have 21 gold pieces (gained 3).
There is an escape hatch in the ceiling here.
A kobold comes into view. It is wielding a +0 dagger.
The kobold throws a stone.
The stone barely misses you.
The kobold throws a stone.
The stone closely misses you.
There is an escape hatch in the ceiling here.
You start waiting.
A kobold is nearby!
The kobold hits you but does no damage.
You hit the kobold.
The kobold is severely wounded.
The kobold hits you but does no damage.
You hit the kobold but do no damage.
The kobold is severely wounded.
The kobold barely misses you.
You hit the kobold.
You kill the kobold!
No target in view!
No target in view!
Things that are here:
a +0 dagger; 4 stones You hear the slow hiss of a distant avalanche of sand.
There is an escape hatch in the ceiling here.
A hound comes into view.
The hound barks!
The hound moves out of view.
A hound is nearby!
Okay, then.
Okay, then.
As you read the scroll of fear, it crumbles to dust.
You assume a fearsome visage.
The hound looks frightened!
There is an escape hatch in the ceiling here.
A mysterious force pulls you upwards. The hatch slams shut behind you.
Found a sling and a scroll labelled USEPTIADOI.
Found a stone staircase leading down.
There is a stone staircase leading down here.
You climb downwards.
You hear the hiss of flowing sand.
There is an entrance to an ossuary on this level.
Hurry and find it before the portal is buried!
Found a great sword.
There is a stone staircase leading up here.
Unknown command.
Unknown command.
You climb upwards.
The adder hisses angrily.
There is a stone staircase leading down here.
You climb downwards.
You hear the hiss of flowing sand.
There is an entrance to an ossuary on this level.
Hurry and find it before the portal is buried!
There is a stone staircase leading up here.
Unknown command.
You see here a +0 great sword.
You hear the hiss of a very distant avalanche of sand.
Found a stone.
Found an escape hatch in the floor.
There is an escape hatch in the floor here.
You hear the hiss of a very distant avalanche of sand.
Found 5 gold pieces.
An orc comes into view. It is wielding a +0 mace.
Found 16 gold pieces.
The helpless orc fails to defend itself.
You impale the orc!!
You kill the orc!
You now have 26 gold pieces (gained 5).
Things that are here:
a +0 mace; 2 boomerangs; an orc corpse 2 gnolls come into view.
A gnoll is wielding a +0 whip of venom.
Things that are here:
a +0 mace; 2 boomerangs; an orc corpse An ufetubus comes into view.
Found 16 gold pieces.
Found a white marble altar of Elyvilon.
The ufetubus shouts!
The ufetubus attacks as you move away! The ufetubus barely misses you.
The ufetubus hits you. The ufetubus barely misses you. The ufetubus misses you.
You hit the ufetubus but do no damage. The ufetubus hits you. x2
* * * LOW HITPOINT WARNING * * *
You feel yourself speed up. The ufetubus misses you.
The ufetubus closely misses you. The ufetubus hits you.
* * * LOW HITPOINT WARNING * * *
The ufetubus closely misses you. The ufetubus attacks as you move away!
The ufetubus hits you but does no damage.
The ufetubus hits you.
You die...

######### ## #.......# .##
#.#####.# ..#############.#
#.#
#######.##..5@.....##.#####.#
..gg....##.#######.##.#....(#
#. #.##.# #.##.#.##### #..
#)##.# #..>.#.#.).# .$_
#....# ######.#.#.# $. #.#.##
#.#.#.# #.###.#...# #.#.#.#
........### ########.#.#.##
#######.# #........#...<#


You could see an ufetubus.

Vanquished Creatures
  An orc (D:4)
  2 kobolds (D:4)
  A quokka (D:5)
4 creatures vanquished.

Notes
Turn   | Place    | Note
-------+----------+-------------------------------------------
     0 | D:5      | sleeves the Deep Elf Delver began the quest for the Orb.
     0 | D:5      | Reached XP level 1. HP: 13/13 MP: 3/3
    76 | D:5      | Noticed an iguana
   185 | D:5      | HP: 6/13 [quokka (2)]
   467 | D:5      | Noticed Duvessa
   534 | D:5      | Noticed an orc priest
   619 | D:4      | Noticed a hound
   723 | D:4      | Found a white marble altar of Elyvilon.
   733 | D:4      | HP: 4/13 [ufetubus (4)]
   734 | D:4      | HP: 1/13 [ufetubus (3)]
   735 | D:4      | Slain by an ufetubus

Illustrated notes

Levels and vault maps discovered:
D:3:      layout_loops_ring, mainiacjoe_overflow_surrounded_room
D:4:      layout_basic, pdpol_wu_jian_five_deadly_venoms,
          mainiacjoe_overflow_cross_hatched, amcnicky_altar_gilded,
          enter_ossuary_5, roderic_roman_lattice
D:5:      layout_gridville, marbit_many_paths, grunt_temple_overflow_diamond,
          wad_floor_pattern_untrapped, uniq_duvessa

Action                   || total
-------------------------++-------
Melee: Short sword       ||    10
  Use: Scroll            ||     1
       Potion            ||     1
 Stab: Sleeping          ||     1
Armor: Leather armour    ||     4
Dodge: Dodged            ||    15
